Bridgeport Sound Tigers vs Peoria Riverman

Created - 12 janvier 2024 at 16:34

Goals
1 2 3 T
Bridgeport Sound Tigers 1 2 3 6
Peoria Riverman 2 0 0 2
Shots
1 2 3 T
Bridgeport Sound Tigers 15 14 15 44
Peoria Riverman 11 4 21 36

GoalsPenalties
1st period
1. Peoria Riverman , Scott Reedy 30 (Ty Smith 33, Will Butcher 27) at 3:30
2. Peoria Riverman , Michael Sgarbossa 47 (Matthew Kessel 6) at 4:16
3. Bridgeport Sound Tigers , Charles Hudon 13 (Tristen Nielsen 28, Dylan Coghlan 26) at 17:23
No Penalty
2nd period
4. Bridgeport Sound Tigers , Luke Philp 29 (Steven Fogarty 26) at 14:43
5. Bridgeport Sound Tigers , Tristen Nielsen 24 (Connor Carrick 21, Dylan Coghlan 27) at 15:59
Matt Martin (RIV) for Hooking (Minor) at 0:25
Lucas Condotta (RIV) for Goalie Interference (Minor) at 5:25
Mason Shaw (SND) for High sticking (Minor) at 18:06
3rd period
6. Bridgeport Sound Tigers , Cole Cassels 12 (Luke Philp 23, Ryan Carpenter 31) at 13:15
7. Bridgeport Sound Tigers , Cole Cassels 13 (Steven Fogarty 27, Sam Gagner 42) at 16:04
8. Bridgeport Sound Tigers , Connor Carrick 4 (Ryan Carpenter 32, Dylan Coghlan 28) at 17:04 (PP)
Matthew Kessel (RIV) for Fighting (Major) at 2:52
Robbie Russo (SND) for Fighting (Major) at 2:52
Robbie Russo (SND) for instigated a fight (Minor) at 2:52
Robbie Russo (SND) for instigated a fight (10 Minutes Misconduct) at 2:52
Lucas Condotta (RIV) for Cross-checking (Minor) at 16:26
Goalie Stats
Charlie Lindgren (SND), 34 saves from 36 shots - (0,944), W, 3-5-1, 60:00 minutes
Vadim Zherenko (RIV), 38 saves from 44 shots - (0,864), L, 17-12-2, 60:00 minutes
3 StarsOfficial
1 - Cole Cassels (SND)
2 - Luke Philp (SND)
3 - Connor Carrick (SND)
Referees : Stephen Hiff and Furman South
Linesman : Dennis Urban and Brent Colby
Game Note
Raivis Ansons is injured at 3:01 of 2nd period (Bruised Left Arm)
Matthew Kessel and Robbie Russo fight to a draw at 2:52 of 3rd period
Finance
Level 1 -- Attendance: 1464 (73,20%) -- Ticket Income $51,240
Level 2 -- Attendance: 1000 (100,00%) -- Ticket Income $15,000
Total Attendance: 2464 (82,13%)
Total Ticket Income: $66,240
Other Income: $32,458
Total Income: $98,698



Team Name Goals Shots Shots Attemp Shots Blocked PIM HIT PP PK FO%
Bridgeport Sound Tigers 6441012719271 / 3 (33%)043%
Peoria Riverman 236801811160 / 2 (0%)157%

Bridgeport Sound Tigers
Player Name POS G A P +/- PIM HIT SHT SB MP PP MP PP SHT PK MP PK SHT FO% FOT GA TA
Austin WagnerLW/RW000-100518:300:0000:0000% 000
Benjamin GleasonD0002000217:570:0001:0800% 002
Charles HudonC/LW/RW1012024217:152:0200:4700% 000
Cole CasselsC2023013111:560:0000:00033% 900
Connor CarrickD1121051526:253:0812:0700% 002
Dylan CoghlanD0331012226:203:0802:0700% 001
Jack DruryC/LW000-1012721:452:3411:43045% 3101
Justin BaileyRW000-102308:290:0000:0000% 010
Luke PhilpC/RW1123034013:410:0000:0000% 000
Mason ShawC/LW000-1211319:402:3400:1500% 001
Raivis AnsonsLW/RW000-101003:380:0000:0000% 200
Robbie RussoD00001700213:341:2800:4300% 010
Robin SaloD0001002018:071:2801:5110% 000
Ryan CarpenterC/RW0222037017:142:0220:4900% 000
Ryan SheaD0001000015:590:0000:0000% 000
Sam GagnerC/LW/RW011-1018121:442:3401:5700% 310
Steven FogartyC/LW/RW0223040115:550:0001:36075% 411
Tristen NielsenC1122022017:162:0200:49050% 1211
Peoria Riverman
Player Name POS G A P +/- PIM HIT SHT SB MP PP MP PP SHT PK MP PK SHT FO% FOT GA TA
Ashton SautnerD000-1000011:090:0000:0000% 000
Blake McLaughlinLW0000001214:110:0500:03067% 300
Filip RoosD000-2012220:041:3201:3600% 010
Joona KoppanenC/LW0000023120:211:5512:5200% 010
Lucas CondottaLW000-2421119:441:5800:55050% 211
Mathieu OlivierRW000-101015:360:0000:0000% 100
Matt MartinLW/RW0000236118:191:5300:120100% 121
Matthew KesselD011-150019:520:0000:0000% 000
Matthew WedmanC000-101005:360:0000:0000% 000
Maxime LajoieD000-2003020:041:3201:3600% 001
Michael SgarbossaC101-2015019:391:5801:09065% 2010
Nicholas CaamanoRW000-2003218:411:5810:00050% 200
Owen SillingerC0000012014:060:0000:0000% 010
Scott ReedyC1010001115:400:1201:11056% 910
Steven LorentzC/LW000-1036123:281:5522:50052% 2300
Ty SmithD0110003125:052:2603:0000% 001
Will ButcherD0110010328:472:2603:0000% 011
Wyatt KaiserD000000014:580:0000:0000% 000

Bridgeport Sound Tigers

5 vs 5 Forward
Line #Left WingCenterRight WingPHYDFOFWanted %Time %Time Play
1Mason ShawJack DrurySam Gagner1223432%16:14
2Charles HudonTristen NielsenRyan Carpenter1223027%13:38
3Steven FogartyCole CasselsLuke Philp1222622%11:07
4Austin WagnerRaivis AnsonsJustin Bailey1221020%10:27
5 vs 5 Defense
Line #DefenseDefensePHYDFOFWanted %Time %Time Play
1Connor CarrickDylan Coghlan1224038%19:39
2Robin SaloRobbie Russo1223035%18:01
3Benjamin GleasonRyan Shea1223027%13:46
4Connor CarrickDylan Coghlan12200%0:00
Power Play Forward
Line #Left WingCenterRight WingPHYDFOFWanted %Time %Time Play
1Mason ShawJack DrurySam Gagner1226056%2:34
2Charles HudonTristen NielsenRyan Carpenter1224044%2:02
Power Play Defense
Line #DefenseDefensePHYDFOFWanted %Time %Time Play
1Connor CarrickDylan Coghlan1226068%3:08
2Robin SaloRobbie Russo1224032%1:28
Penalty Kill 4 Players Forward
Line #CenterWingPHYDFOFWanted %Time %Time Play
1Jack DrurySam Gagner1226079%3:09
2Tristen NielsenRyan Carpenter1224021%0:49
Penalty Kill 4 Players Defense
Line #DefenseDefensePHYDFOFWanted %Time %Time Play
1Connor CarrickDylan Coghlan1226053%2:07
2Robin SaloRobbie Russo1224047%1:51
Penalty Kill 3 Players
Line #WingPHYDFOFWanted %Time %Time PlayDefenseDefensePHYDFOFWanted %Time %Time Play
1Ryan Carpenter122600%0:00 Connor CarrickDylan Coghlan122600%0:00
2Jack Drury122400%0:00 Robin SaloRobbie Russo122400%0:00
4 vs 4 Forward
Line #CenterWingPHYDFOFWanted %Time %Time Play
1Jack DrurySam Gagner122600%0:00
2Tristen NielsenRyan Carpenter122400%0:00
4 vs 4 Defense
Line #DefensePHYDFOFWanted %Time %Time Play
1Connor CarrickDylan Coghlan122600%0:00
2Robin SaloRobbie Russo122400%0:00
Last Minutes Offensive
Left WingCenterRight WingDefenseDefense
Mason ShawJack DrurySam GagnerConnor CarrickDylan Coghlan
Last Minutes Defensive
Left WingCenterRight WingDefenseDefense
Mason ShawJack DrurySam GagnerConnor CarrickDylan Coghlan
Time
Total ForwardTotal DefenseLast Minutes OffensiveLast Minutes Defensive
60:00 60:00 0:000:00
Extra Forwards
Normal PowerPlayPenalty Kill
Steven Fogarty, Luke Philp, Justin BaileySteven Fogarty, Luke PhilpSteven Fogarty
Extra Defensemen
Normal PowerPlayPenalty Kill
Robbie Russo, Benjamin Gleason, Ryan SheaBenjamin Gleason, Robbie RussoBenjamin Gleason
Penalty Shots
Jack Drury, Ryan Carpenter, Mason Shaw, Charles Hudon, Tristen Nielsen
Goalie
Charlie Lindgren, Mitchell Weeks
Scratches
Andre Lee (Healthy), Isaac Johnson (Healthy), Jake Leschyshyn (Healthy), Nick Wolff (Healthy), John Parker-Jones (Right Hand Injury) Jon Gillies (Healthy), Pavel Cajan (Healthy)

Peoria Riverman

5 vs 5 Forward
Line #Left WingCenterRight WingPHYDFOFWanted %Time %Time Play
1Joona KoppanenSteven LorentzMatt Martin1223531%15:45
2Lucas CondottaMichael SgarbossaNicholas Caamano1223532%16:18
3Blake McLaughlinScott ReedyOwen Sillinger1222827%13:47
4Steven LorentzMatthew WedmanMathieu Olivier122211%5:36
5 vs 5 Defense
Line #DefenseDefensePHYDFOFWanted %Time %Time Play
1Will ButcherTy Smith1224038%19:39
2Filip RoosMaxime Lajoie1223033%16:56
3Ashton SautnerMatthew Kessel1222022%11:09
4Wyatt KaiserWill Butcher122107%3:42
Power Play Forward
Line #Left WingCenterRight WingPHYDFOFWanted %Time %Time Play
1Joona KoppanenSteven LorentzMatt Martin1226050%2:00
2Lucas CondottaMichael SgarbossaNicholas Caamano1224050%1:58
Power Play Defense
Line #DefenseDefensePHYDFOFWanted %Time %Time Play
1Will ButcherTy Smith1226061%2:26
2Filip RoosMaxime Lajoie1224039%1:32
Penalty Kill 4 Players Forward
Line #CenterWingPHYDFOFWanted %Time %Time Play
1Steven LorentzJoona Koppanen1226075%3:27
2Michael SgarbossaLucas Condotta1224025%1:09
Penalty Kill 4 Players Defense
Line #DefenseDefensePHYDFOFWanted %Time %Time Play
1Will ButcherTy Smith1226065%3:00
2Filip RoosMaxime Lajoie1224035%1:36
Penalty Kill 3 Players
Line #WingPHYDFOFWanted %Time %Time PlayDefenseDefensePHYDFOFWanted %Time %Time Play
1Steven Lorentz122600%0:00 Will ButcherTy Smith122600%0:00
2Michael Sgarbossa122400%0:00 Filip RoosMaxime Lajoie122400%0:00
4 vs 4 Forward
Line #CenterWingPHYDFOFWanted %Time %Time Play
1Steven LorentzJoona Koppanen122600%0:00
2Michael SgarbossaLucas Condotta122400%0:00
4 vs 4 Defense
Line #DefensePHYDFOFWanted %Time %Time Play
1Will ButcherTy Smith122600%0:00
2Filip RoosMaxime Lajoie122400%0:00
Last Minutes Offensive
Left WingCenterRight WingDefenseDefense
Joona KoppanenSteven LorentzMatt MartinWill ButcherTy Smith
Last Minutes Defensive
Left WingCenterRight WingDefenseDefense
Joona KoppanenSteven LorentzMatt MartinWill ButcherTy Smith
Time
Total ForwardTotal DefenseLast Minutes OffensiveLast Minutes Defensive
60:00 60:00 0:000:00
Extra Forwards
Normal PowerPlayPenalty Kill
Scott Reedy, Lucas Condotta, Nicholas CaamanoScott Reedy, Lucas CondottaScott Reedy
Extra Defensemen
Normal PowerPlayPenalty Kill
Ashton Sautner, Matthew Kessel, Wyatt KaiserAshton Sautner, Ashton SautnerMatthew Kessel
Penalty Shots
Matt Martin, Steven Lorentz, Michael Sgarbossa, Joona Koppanen, Scott Reedy
Goalie
Vadim Zherenko, Dylan Garand
Scratches
Samuel Helenius (Healthy), Hunter Drew (Healthy), Louie Belpedio (Healthy), Axel Andersson (Healthy), Griffin Luce (Healthy)


Play-by-Play

1st period


0:01 of 1st period - Jack Drury wins face-off versus Steven Lorentz in neutral zone.
0:07 of 1st period - Mason Shaw is hit by Steven Lorentz.
0:19 of 1st period - Dylan Coghlan is hit by Matt Martin and loses puck.
0:30 of 1st period - Michael Sgarbossa is hit by Ryan Carpenter and loses puck.
0:48 of 1st period - Off-side.
0:49 of 1st period - Blake McLaughlin wins face-off versus Cole Cassels in neutral zone.
0:52 of 1st period - Wrist shot by Cole Cassels.
0:52 of 1st period - Shot Blocked by Blake McLaughlin.
0:54 of 1st period - Snap shot by Steven Fogarty.
0:54 of 1st period - Shot Misses the Net.
1:00 of 1st period - Wrist shot by Luke Philp.
1:00 of 1st period - Stopped by Vadim Zherenko with a rebound.
2:07 of 1st period - Snap shot by Matt Martin.
2:07 of 1st period - Stopped by Charlie Lindgren with a rebound.
2:13 of 1st period - Ashton Sautner is hit by Steven Fogarty and loses puck.
2:26 of 1st period - Slapshot by Austin Wagner.
2:26 of 1st period - Shot Misses the Net.
2:28 of 1st period - Snap shot by Justin Bailey.
2:28 of 1st period - Stopped by Vadim Zherenko with a rebound.
2:30 of 1st period - Wrist shot by Austin Wagner.
2:30 of 1st period - Stopped by Vadim Zherenko without a rebound.
2:31 of 1st period - Blake McLaughlin wins face-off versus Raivis Ansons in Peoria Riverman zone.
2:40 of 1st period - Backhand shot by Ty Smith.
2:40 of 1st period - Deflect By Owen Sillinger.
2:40 of 1st period - Shot Blocked by Robbie Russo.
2:40 of 1st period - Puck is out of play.
2:41 of 1st period - Jack Drury wins face-off versus Scott Reedy in Bridgeport Sound Tigers zone.
2:52 of 1st period - Snap shot by Owen Sillinger.
2:52 of 1st period - Shot Blocked by Jack Drury.
2:54 of 1st period - Slapshot by Will Butcher.
2:54 of 1st period - Shot Blocked by Jack Drury.
3:02 of 1st period - Slapshot by Owen Sillinger.
3:02 of 1st period - Shot Blocked by Jack Drury.
3:04 of 1st period - Snap shot by Blake McLaughlin.
3:04 of 1st period - Shot Blocked by Mason Shaw.
3:28 of 1st period - Slapshot by Scott Reedy.
3:28 of 1st period - Shot Blocked by Jack Drury.
3:30 of 1st period - Slapshot by Scott Reedy.
3:30 of 1st period - Goal by Scott Reedy - Bridgeport Sound Tigers : 0 - Peoria Riverman : 1.
3:31 of 1st period - Michael Sgarbossa wins face-off versus Tristen Nielsen in neutral zone.
3:57 of 1st period - Michael Sgarbossa is hit by Justin Bailey and loses puck.
4:04 of 1st period - Wrist shot by Lucas Condotta.
4:04 of 1st period - Shot Hit the Post.
4:16 of 1st period - Snap shot by Michael Sgarbossa.
4:16 of 1st period - Goal by Michael Sgarbossa - Bridgeport Sound Tigers : 0 - Peoria Riverman : 2.
4:17 of 1st period - Tristen Nielsen wins face-off versus Steven Lorentz in neutral zone.
4:22 of 1st period - Wrist shot by Charles Hudon.
4:22 of 1st period - Shot Blocked by Wyatt Kaiser.
4:26 of 1st period - Snap shot by Charles Hudon.
4:26 of 1st period - Stopped by Vadim Zherenko with a rebound.
4:28 of 1st period - Slapshot by Charles Hudon.
4:28 of 1st period - Stopped by Vadim Zherenko with a rebound.
4:30 of 1st period - Snap shot by Tristen Nielsen.
4:30 of 1st period - Shot Misses the Net.
4:32 of 1st period - Snap shot by Charles Hudon.
4:32 of 1st period - Shot Misses the Net.
5:11 of 1st period - Snap shot by Michael Sgarbossa.
5:11 of 1st period - Stopped by Charlie Lindgren without a rebound.
5:12 of 1st period - Michael Sgarbossa wins face-off versus Tristen Nielsen in Bridgeport Sound Tigers zone.
5:19 of 1st period - Slapshot by Michael Sgarbossa.
5:19 of 1st period - Deflect By Charles Hudon.
5:19 of 1st period - Shot Blocked by Charles Hudon.
5:19 of 1st period - Puck is out of play.
5:20 of 1st period - Tristen Nielsen wins face-off versus Mathieu Olivier in Bridgeport Sound Tigers zone.
6:10 of 1st period - Wrist shot by Owen Sillinger.
6:10 of 1st period - Stopped by Charlie Lindgren without a rebound.
6:11 of 1st period - Steven Lorentz wins face-off versus Cole Cassels in Bridgeport Sound Tigers zone.
6:36 of 1st period - Ty Smith is hit by Connor Carrick and loses puck.
7:14 of 1st period - Snap shot by Steven Lorentz.
7:14 of 1st period - Stopped by Charlie Lindgren with a rebound.
7:16 of 1st period - Snap shot by Matt Martin.
7:16 of 1st period - Stopped by Charlie Lindgren without a rebound.
7:17 of 1st period - Michael Sgarbossa wins face-off versus Jack Drury in Bridgeport Sound Tigers zone.
7:47 of 1st period - Snap shot by Steven Fogarty.
7:47 of 1st period - Shot Misses the Net.
8:00 of 1st period - Icing by Cole Cassels.
8:01 of 1st period - Michael Sgarbossa wins face-off versus Raivis Ansons in Bridgeport Sound Tigers zone.
8:06 of 1st period - Snap shot by Lucas Condotta.
8:06 of 1st period - Shot Blocked by Connor Carrick.
8:26 of 1st period - Wrist shot by Luke Philp.
8:26 of 1st period - Stopped by Vadim Zherenko without a rebound.
8:27 of 1st period - Cole Cassels wins face-off versus Steven Lorentz in Peoria Riverman zone.
8:28 of 1st period - Wrist shot by Luke Philp.
8:28 of 1st period - Deflect By Steven Fogarty.
8:28 of 1st period - Shot Misses the Net.
8:28 of 1st period - Puck is out of play.
8:29 of 1st period - Steven Lorentz wins face-off versus Cole Cassels in Peoria Riverman zone.
8:29 of 1st period - Steven Lorentz is hit by Steven Fogarty.
9:25 of 1st period - Wrist shot by Ryan Carpenter.
9:25 of 1st period - Shot Misses the Net.
10:01 of 1st period - Snap shot by Scott Reedy.
10:01 of 1st period - Shot Blocked by Steven Fogarty.
10:17 of 1st period - Snap shot by Mason Shaw.
10:17 of 1st period - Shot Misses the Net.
10:19 of 1st period - Snap shot by Sam Gagner.
10:19 of 1st period - Stopped by Vadim Zherenko with a rebound.
10:21 of 1st period - Slapshot by Mason Shaw.
10:21 of 1st period - Shot Misses the Net.
10:23 of 1st period - Slapshot by Jack Drury.
10:23 of 1st period - Shot Misses the Net.
10:33 of 1st period - Steven Lorentz is hit by Ryan Carpenter and loses puck.
10:42 of 1st period - Wrist shot by Steven Lorentz.
10:42 of 1st period - Shot Misses the Net.
10:44 of 1st period - Slapshot by Ashton Sautner.
10:44 of 1st period - Shot Misses the Net.
10:46 of 1st period - Slapshot by Ashton Sautner.
10:46 of 1st period - Shot Misses the Net.
10:48 of 1st period - Wrist shot by Steven Lorentz.
10:48 of 1st period - Stopped by Charlie Lindgren with a rebound.
10:50 of 1st period - Slapshot by Matt Martin.
10:50 of 1st period - Shot Misses the Net.
10:52 of 1st period - Snap shot by Joona Koppanen.
10:52 of 1st period - Stopped by Charlie Lindgren with a rebound.
10:54 of 1st period - Wrist shot by Steven Lorentz.
10:54 of 1st period - Shot Blocked by Charles Hudon.
10:56 of 1st period - Wrist shot by Matt Martin.
10:56 of 1st period - Deflect By Joona Koppanen.
10:56 of 1st period - Shot Blocked by Benjamin Gleason.
10:56 of 1st period - Puck is out of play.
10:57 of 1st period - Jack Drury wins face-off versus Michael Sgarbossa in Bridgeport Sound Tigers zone.
11:04 of 1st period - Wrist shot by Sam Gagner.
11:04 of 1st period - Stopped by Vadim Zherenko with a rebound.
11:06 of 1st period - Slapshot by Mason Shaw.
11:06 of 1st period - Shot Blocked by Lucas Condotta.
11:31 of 1st period - Snap shot by Lucas Condotta.
11:31 of 1st period - Shot Blocked by Austin Wagner.
11:45 of 1st period - Slapshot by Ryan Carpenter.
11:45 of 1st period - Shot Misses the Net.
11:47 of 1st period - Wrist shot by Ryan Carpenter.
11:47 of 1st period - Stopped by Vadim Zherenko with a rebound.
11:49 of 1st period - Slapshot by Ryan Carpenter.
11:49 of 1st period - Shot Misses the Net.
11:51 of 1st period - Wrist shot by Tristen Nielsen.
11:51 of 1st period - Shot Misses the Net.
11:53 of 1st period - Wrist shot by Ryan Carpenter.
11:53 of 1st period - Stopped by Vadim Zherenko with a rebound.
11:55 of 1st period - Wrist shot by Ryan Carpenter.
11:55 of 1st period - Stopped by Vadim Zherenko without a rebound.
11:56 of 1st period - Scott Reedy wins face-off versus Jack Drury in Peoria Riverman zone.
12:23 of 1st period - Robin Salo is hit by Matt Martin and loses puck.
13:00 of 1st period - Slapshot by Austin Wagner.
13:00 of 1st period - Shot Misses the Net.
13:39 of 1st period - Icing by Jack Drury.
13:40 of 1st period - Jack Drury wins face-off versus Michael Sgarbossa in Bridgeport Sound Tigers zone.
13:45 of 1st period - Snap shot by Sam Gagner.
13:45 of 1st period - Stopped by Vadim Zherenko without a rebound.
13:46 of 1st period - Michael Sgarbossa wins face-off versus Cole Cassels in Peoria Riverman zone.
13:59 of 1st period - Slapshot by Michael Sgarbossa.
13:59 of 1st period - Deflect By Nicholas Caamano.
13:59 of 1st period - Shot Blocked by Connor Carrick.
13:59 of 1st period - Puck is out of play.
14:00 of 1st period - Scott Reedy wins face-off versus Jack Drury in Bridgeport Sound Tigers zone.
14:25 of 1st period - Connor Carrick is hit by Matt Martin.
14:45 of 1st period - Maxime Lajoie is hit by Raivis Ansons and loses puck.
14:50 of 1st period - Wrist shot by Austin Wagner.
14:50 of 1st period - Shot Misses the Net.
14:56 of 1st period - Wrist shot by Austin Wagner.
14:56 of 1st period - Stopped by Vadim Zherenko with a rebound.
14:58 of 1st period - Snap shot by Austin Wagner.
14:58 of 1st period - Stopped by Vadim Zherenko without a rebound.
14:59 of 1st period - Michael Sgarbossa wins face-off versus Sam Gagner in Peoria Riverman zone.
16:03 of 1st period - Mathieu Olivier is hit by Charles Hudon and loses puck.
16:58 of 1st period - Scott Reedy is hit by Cole Cassels and loses puck.
17:23 of 1st period - Wrist shot by Charles Hudon.
17:23 of 1st period - Goal by Charles Hudon - Bridgeport Sound Tigers : 1 - Peoria Riverman : 2.
17:24 of 1st period - Nicholas Caamano wins face-off versus Jack Drury in neutral zone.
17:58 of 1st period - Wrist shot by Steven Lorentz.
17:58 of 1st period - Stopped by Charlie Lindgren with a rebound.
18:34 of 1st period - Wrist shot by Nicholas Caamano.
18:34 of 1st period - Shot Blocked by Robbie Russo.
18:54 of 1st period - Mason Shaw is hit by Mathieu Olivier.
19:12 of 1st period - Snap shot by Steven Fogarty.
19:12 of 1st period - Shot Misses the Net.
19:46 of 1st period - Slapshot by Matt Martin.
19:46 of 1st period - Stopped by Charlie Lindgren with a rebound.
Goals for this period are 1 for Bridgeport Sound Tigers vs 2 for Peoria Riverman.
Shots for this period are 15 for Bridgeport Sound Tigers vs 11 for Peoria Riverman.

2nd period


0:01 of 2nd period - Steven Lorentz wins face-off versus Jack Drury in neutral zone.
0:03 of 2nd period - Off-side.
0:04 of 2nd period - Jack Drury wins face-off versus Steven Lorentz in neutral zone.
0:19 of 2nd period - Slapshot by Jack Drury.
0:19 of 2nd period - Shot Blocked by Matt Martin.
0:25 of 2nd period - Minor Penalty to Matt Martin for Hooking.
0:26 of 2nd period - Steven Lorentz wins face-off versus Jack Drury in Peoria Riverman zone.
2:12 of 2nd period - Charles Hudon is hit by Filip Roos and loses puck.
2:25 of 2nd period - Penalty to Matt Martin is over, Matt Martin is back on ice.
2:42 of 2nd period - Wrist shot by Cole Cassels.
2:42 of 2nd period - Shot Misses the Net.
3:00 of 2nd period - Raivis Ansons is hit by Michael Sgarbossa and loses puck.
3:01 of 2nd period - Raivis Ansons from Bridgeport Sound Tigers is injured at 3:01 of 2nd period (Bruised Left Arm).
3:02 of 2nd period - Jack Drury wins face-off versus Steven Lorentz in Bridgeport Sound Tigers zone.
3:11 of 2nd period - Snap shot by Sam Gagner.
3:11 of 2nd period - Shot Blocked by Ty Smith.
3:13 of 2nd period - Slapshot by Sam Gagner.
3:13 of 2nd period - Deflect By Mason Shaw.
3:13 of 2nd period - Shot Misses the Net.
3:13 of 2nd period - Puck is out of play.
3:14 of 2nd period - Jack Drury wins face-off versus Michael Sgarbossa in Peoria Riverman zone.
3:21 of 2nd period - Snap shot by Sam Gagner.
3:21 of 2nd period - Stopped by Vadim Zherenko with a rebound.
3:23 of 2nd period - Slapshot by Robbie Russo.
3:23 of 2nd period - Shot Misses the Net.
3:44 of 2nd period - Wrist shot by Steven Fogarty.
3:44 of 2nd period - Shot Blocked by Nicholas Caamano.
3:53 of 2nd period - Off-side.
3:54 of 2nd period - Tristen Nielsen wins face-off versus Steven Lorentz in neutral zone.
4:01 of 2nd period - Wrist shot by Ryan Carpenter.
4:01 of 2nd period - Stopped by Vadim Zherenko with a rebound.
4:19 of 2nd period - Will Butcher is hit by Connor Carrick and loses puck.
4:25 of 2nd period - Icing by Owen Sillinger.
4:26 of 2nd period - Scott Reedy wins face-off versus Jack Drury in Peoria Riverman zone.
4:51 of 2nd period - Joona Koppanen is hit by Tristen Nielsen.
4:57 of 2nd period - Charles Hudon is hit by Joona Koppanen and loses puck.
5:18 of 2nd period - Snap shot by Austin Wagner.
5:18 of 2nd period - Stopped by Vadim Zherenko with a rebound.
5:20 of 2nd period - Wrist shot by Austin Wagner.
5:20 of 2nd period - Stopped by Vadim Zherenko with a rebound.
5:22 of 2nd period - Wrist shot by Justin Bailey.
5:22 of 2nd period - Stopped by Vadim Zherenko without a rebound.
5:23 of 2nd period - Lucas Condotta wins face-off versus Jack Drury in Peoria Riverman zone.
5:25 of 2nd period - Minor Penalty to Lucas Condotta for Goalie Interference.
5:26 of 2nd period - Steven Lorentz wins face-off versus Jack Drury in Peoria Riverman zone.
5:36 of 2nd period - Wrist shot by Jack Drury.
5:36 of 2nd period - Stopped by Vadim Zherenko without a rebound.
5:37 of 2nd period - Steven Lorentz wins face-off versus Jack Drury in Peoria Riverman zone.
5:42 of 2nd period - Slapshot by Joona Koppanen.
5:42 of 2nd period - Shot Blocked by Mason Shaw.
5:44 of 2nd period - Snap shot by Steven Lorentz.
5:44 of 2nd period - Deflect By Joona Koppanen.
5:44 of 2nd period - Shot Blocked by Dylan Coghlan.
5:44 of 2nd period - Puck is out of play.
5:45 of 2nd period - Jack Drury wins face-off versus Steven Lorentz in Bridgeport Sound Tigers zone.
5:45 of 2nd period - Jack Drury is hit by Steven Lorentz.
6:19 of 2nd period - Filip Roos is hit by Tristen Nielsen and loses puck.
6:57 of 2nd period - Ty Smith is hit by Charles Hudon and loses puck.
7:25 of 2nd period - Penalty to Lucas Condotta is over, Lucas Condotta is back on ice.
7:52 of 2nd period - Snap shot by Steven Fogarty.
7:52 of 2nd period - Shot Misses the Net.
8:04 of 2nd period - Justin Bailey is hit by Steven Lorentz and loses puck.
8:51 of 2nd period - Justin Bailey is hit by Matthew Wedman and loses puck.
9:18 of 2nd period - Ryan Shea is hit by Will Butcher and loses puck.
9:59 of 2nd period - Matt Martin is hit by Steven Fogarty.
10:52 of 2nd period - Nicholas Caamano is hit by Connor Carrick and loses puck.
11:27 of 2nd period - Icing by Matthew Kessel.
11:28 of 2nd period - Tristen Nielsen wins face-off versus Scott Reedy in Peoria Riverman zone.
11:56 of 2nd period - Wrist shot by Matt Martin.
11:56 of 2nd period - Stopped by Charlie Lindgren with a rebound.
11:58 of 2nd period - Backhand shot by Maxime Lajoie.
11:58 of 2nd period - Stopped by Charlie Lindgren with a rebound.
12:00 of 2nd period - Slapshot by Matt Martin.
12:00 of 2nd period - Stopped by Charlie Lindgren without a rebound.
12:01 of 2nd period - Cole Cassels wins face-off versus Michael Sgarbossa in Bridgeport Sound Tigers zone.
12:17 of 2nd period - Slapshot by Dylan Coghlan.
12:17 of 2nd period - Shot Misses the Net.
12:24 of 2nd period - Icing by Michael Sgarbossa.
12:25 of 2nd period - Michael Sgarbossa wins face-off versus Tristen Nielsen in Peoria Riverman zone.
12:27 of 2nd period - Icing by Ty Smith.
12:28 of 2nd period - Steven Lorentz wins face-off versus Tristen Nielsen in Peoria Riverman zone.
13:03 of 2nd period - Wrist shot by Sam Gagner.
13:03 of 2nd period - Stopped by Vadim Zherenko with a rebound.
13:15 of 2nd period - Luke Philp is hit by Owen Sillinger and loses puck.
13:19 of 2nd period - Icing by Benjamin Gleason.
13:20 of 2nd period - Cole Cassels wins face-off versus Blake McLaughlin in Bridgeport Sound Tigers zone.
13:27 of 2nd period - Wrist shot by Luke Philp.
13:27 of 2nd period - Stopped by Vadim Zherenko with a rebound.
13:29 of 2nd period - Slapshot by Dylan Coghlan.
13:29 of 2nd period - Stopped by Vadim Zherenko with a rebound.
13:31 of 2nd period - Wrist shot by Dylan Coghlan.
13:31 of 2nd period - Shot Hit the Post.
13:33 of 2nd period - Snap shot by Cole Cassels.
13:33 of 2nd period - Stopped by Vadim Zherenko with a rebound.
13:35 of 2nd period - Slapshot by Connor Carrick.
13:35 of 2nd period - Shot Blocked by Scott Reedy.
14:41 of 2nd period - Snap shot by Steven Fogarty.
14:41 of 2nd period - Shot Misses the Net.
14:43 of 2nd period - Snap shot by Luke Philp.
14:43 of 2nd period - Goal by Luke Philp - Bridgeport Sound Tigers : 2 - Peoria Riverman : 2.
14:44 of 2nd period - Steven Lorentz wins face-off versus Jack Drury in neutral zone.
14:59 of 2nd period - Slapshot by Sam Gagner.
14:59 of 2nd period - Shot Misses the Net.
15:09 of 2nd period - Charles Hudon is hit by Lucas Condotta and loses puck.
15:53 of 2nd period - Wrist shot by Ryan Carpenter.
15:53 of 2nd period - Stopped by Vadim Zherenko with a rebound.
15:55 of 2nd period - Wrist shot by Tristen Nielsen.
15:55 of 2nd period - Shot Blocked by Matthew Kessel.
15:57 of 2nd period - Slapshot by Dylan Coghlan.
15:57 of 2nd period - Stopped by Vadim Zherenko with a rebound.
15:59 of 2nd period - Slapshot by Connor Carrick.
15:59 of 2nd period - Deflect By Tristen Nielsen.
15:59 of 2nd period - Goal by Tristen Nielsen - Bridgeport Sound Tigers : 3 - Peoria Riverman : 2.
16:00 of 2nd period - Jack Drury wins face-off versus Steven Lorentz in neutral zone.
16:25 of 2nd period - Nicholas Caamano is hit by Luke Philp and loses puck.
17:13 of 2nd period - Off-side.
17:14 of 2nd period - Steven Lorentz wins face-off versus Jack Drury in neutral zone.
17:17 of 2nd period - Slapshot by Maxime Lajoie.
17:17 of 2nd period - Shot Blocked by Dylan Coghlan.
17:31 of 2nd period - Filip Roos is hit by Sam Gagner and loses puck.
17:46 of 2nd period - Wrist shot by Matt Martin.
17:46 of 2nd period - Shot Blocked by Sam Gagner.
17:58 of 2nd period - Mason Shaw is hit by Joona Koppanen and loses puck.
18:06 of 2nd period - Minor Penalty to Mason Shaw for High sticking.
18:07 of 2nd period - Michael Sgarbossa wins face-off versus Jack Drury in Bridgeport Sound Tigers zone.
18:08 of 2nd period - Wrist shot by Nicholas Caamano.
18:08 of 2nd period - Stopped by Charlie Lindgren with a rebound.
18:17 of 2nd period - Icing by Will Butcher.
18:18 of 2nd period - Steven Fogarty wins face-off versus Michael Sgarbossa in Peoria Riverman zone.
19:18 of 2nd period - Nicholas Caamano is hit by Connor Carrick and loses puck.
Goals for this period are 2 for Bridgeport Sound Tigers vs 0 for Peoria Riverman.
Shots for this period are 14 for Bridgeport Sound Tigers vs 4 for Peoria Riverman.

3rd period


0:01 of 3rd period - Jack Drury wins face-off versus Steven Lorentz in neutral zone.
0:03 of 3rd period - Off-side.
0:04 of 3rd period - Jack Drury wins face-off versus Steven Lorentz in neutral zone.
0:06 of 3rd period - Penalty to Mason Shaw is over, Mason Shaw is back on ice.
0:07 of 3rd period - Snap shot by Jack Drury.
0:07 of 3rd period - Stopped by Vadim Zherenko with a rebound.
0:32 of 3rd period - Snap shot by Ty Smith.
0:32 of 3rd period - Shot Misses the Net.
0:34 of 3rd period - Slapshot by Will Butcher.
0:34 of 3rd period - Shot Blocked by Connor Carrick.
0:36 of 3rd period - Wrist shot by Michael Sgarbossa.
0:36 of 3rd period - Shot Misses the Net.
0:38 of 3rd period - Wrist shot by Michael Sgarbossa.
0:38 of 3rd period - Shot Misses the Net.
0:58 of 3rd period - Slapshot by Maxime Lajoie.
0:58 of 3rd period - Deflect By Owen Sillinger.
0:58 of 3rd period - Stopped by Charlie Lindgren with a rebound.
1:07 of 3rd period - Icing by Filip Roos.
1:08 of 3rd period - Steven Fogarty wins face-off versus Scott Reedy in Peoria Riverman zone.
1:11 of 3rd period - Wrist shot by Sam Gagner.
1:11 of 3rd period - Shot Blocked by Filip Roos.
1:13 of 3rd period - Snap shot by Mason Shaw.
1:13 of 3rd period - Shot Misses the Net.
1:15 of 3rd period - Slapshot by Robin Salo.
1:15 of 3rd period - Deflect By Filip Roos.
1:15 of 3rd period - Stopped by Vadim Zherenko with a rebound.
1:17 of 3rd period - Wrist shot by Sam Gagner.
1:17 of 3rd period - Stopped by Vadim Zherenko with a rebound.
1:19 of 3rd period - Wrist shot by Robin Salo.
1:19 of 3rd period - Shot Blocked by Blake McLaughlin.
1:32 of 3rd period - Snap shot by Scott Reedy.
1:32 of 3rd period - Shot Blocked by Cole Cassels.
1:34 of 3rd period - Wrist shot by Blake McLaughlin.
1:34 of 3rd period - Stopped by Charlie Lindgren without a rebound.
1:35 of 3rd period - Michael Sgarbossa wins face-off versus Cole Cassels in Bridgeport Sound Tigers zone.
1:38 of 3rd period - Wrist shot by Michael Sgarbossa.
1:38 of 3rd period - Shot Blocked by Benjamin Gleason.
1:44 of 3rd period - Snap shot by Luke Philp.
1:44 of 3rd period - Deflect By Michael Sgarbossa.
1:44 of 3rd period - Shot Misses the Net.
1:44 of 3rd period - Puck is out of play.
1:45 of 3rd period - Michael Sgarbossa wins face-off versus Jack Drury in Peoria Riverman zone.
1:45 of 3rd period - Michael Sgarbossa is hit by Jack Drury.
1:55 of 3rd period - Slapshot by Jack Drury.
1:55 of 3rd period - Shot Misses the Net.
1:59 of 3rd period - Wrist shot by Sam Gagner.
1:59 of 3rd period - Stopped by Vadim Zherenko with a rebound.
2:01 of 3rd period - Backhand shot by Sam Gagner.
2:01 of 3rd period - Shot Blocked by Will Butcher.
2:38 of 3rd period - Wrist shot by Justin Bailey.
2:38 of 3rd period - Stopped by Vadim Zherenko with a rebound.
2:44 of 3rd period - Slapshot by Ty Smith.
2:44 of 3rd period - Stopped by Charlie Lindgren without a rebound.
2:45 of 3rd period - Jack Drury wins face-off versus Michael Sgarbossa in Bridgeport Sound Tigers zone.
2:45 of 3rd period - Jack Drury is hit by Lucas Condotta.
2:52 of 3rd period - Matthew Kessel and Robbie Russo fight to a draw.
2:52 of 3rd period - Penalty to Matthew Kessel for Fighting.
2:52 of 3rd period - Penalty to Robbie Russo for Fighting.
2:52 of 3rd period - Penalty to Robbie Russo for instigated a fight.
2:52 of 3rd period - Penalty to Robbie Russo for instigated a fight.
2:53 of 3rd period - Matt Martin wins face-off versus Jack Drury in Bridgeport Sound Tigers zone.
2:54 of 3rd period - Wrist shot by Steven Lorentz.
2:54 of 3rd period - Shot Blocked by Connor Carrick.
3:00 of 3rd period - Snap shot by Joona Koppanen.
3:00 of 3rd period - Stopped by Charlie Lindgren with a rebound.
3:02 of 3rd period - Slapshot by Steven Lorentz.
3:02 of 3rd period - Stopped by Charlie Lindgren with a rebound.
3:04 of 3rd period - Slapshot by Ty Smith.
3:04 of 3rd period - Shot Blocked by Connor Carrick.
3:06 of 3rd period - Backhand shot by Steven Lorentz.
3:06 of 3rd period - Stopped by Charlie Lindgren with a rebound.
3:08 of 3rd period - Slapshot by Ty Smith.
3:08 of 3rd period - Shot Blocked by Jack Drury.
4:28 of 3rd period - Slapshot by Robin Salo.
4:28 of 3rd period - Stopped by Vadim Zherenko with a rebound.
4:30 of 3rd period - Slapshot by Robin Salo.
4:30 of 3rd period - Shot Blocked by Joona Koppanen.
4:32 of 3rd period - Snap shot by Benjamin Gleason.
4:32 of 3rd period - Shot Blocked by Will Butcher.
4:52 of 3rd period - Penalty to Robbie Russo is over, Luke Philp is send on ice.
4:56 of 3rd period - Will Butcher is hit by Luke Philp and loses puck.
11:56 of 3rd period - Icing by Tristen Nielsen.
11:57 of 3rd period - Michael Sgarbossa wins face-off versus Tristen Nielsen in Bridgeport Sound Tigers zone.
11:58 of 3rd period - Snap shot by Nicholas Caamano.
11:58 of 3rd period - Stopped by Charlie Lindgren without a rebound.
11:59 of 3rd period - Scott Reedy wins face-off versus Steven Fogarty in Bridgeport Sound Tigers zone.
12:02 of 3rd period - Wrist shot by Owen Sillinger.
12:02 of 3rd period - Shot Hit the Post.
12:04 of 3rd period - Wrist shot by Filip Roos.
12:04 of 3rd period - Stopped by Charlie Lindgren with a rebound.
12:06 of 3rd period - Slapshot by Maxime Lajoie.
12:06 of 3rd period - Stopped by Charlie Lindgren without a rebound.
12:07 of 3rd period - Steven Fogarty wins face-off versus Scott Reedy in Bridgeport Sound Tigers zone.
12:40 of 3rd period - Slapshot by Steven Lorentz.
12:40 of 3rd period - Stopped by Charlie Lindgren with a rebound.
12:42 of 3rd period - Snap shot by Filip Roos.
12:42 of 3rd period - Shot Blocked by Jack Drury.
12:52 of 3rd period - Will Butcher is hit by Ryan Carpenter and loses puck.
13:01 of 3rd period - Slapshot by Ty Smith.
13:01 of 3rd period - Shot Misses the Net.
13:11 of 3rd period - Slapshot by Luke Philp.
13:11 of 3rd period - Shot Misses the Net.
13:13 of 3rd period - Snap shot by Luke Philp.
13:13 of 3rd period - Shot Misses the Net.
13:15 of 3rd period - Snap shot by Cole Cassels.
13:15 of 3rd period - Goal by Cole Cassels - Bridgeport Sound Tigers : 4 - Peoria Riverman : 2.
13:16 of 3rd period - Jack Drury wins face-off versus Steven Lorentz in neutral zone.
13:23 of 3rd period - Snap shot by Will Butcher.
13:23 of 3rd period - Shot Misses the Net.
13:25 of 3rd period - Slapshot by Ty Smith.
13:25 of 3rd period - Stopped by Charlie Lindgren with a rebound.
13:31 of 3rd period - Wrist shot by Matt Martin.
13:31 of 3rd period - Stopped by Charlie Lindgren with a rebound.
13:41 of 3rd period - Nicholas Caamano is hit by Connor Carrick and loses puck.
13:46 of 3rd period - Wrist shot by Luke Philp.
13:46 of 3rd period - Shot Misses the Net.
13:48 of 3rd period - Snap shot by Ryan Shea.
13:48 of 3rd period - Shot Misses the Net.
13:50 of 3rd period - Wrist shot by Steven Fogarty.
13:50 of 3rd period - Shot Blocked by Will Butcher.
13:52 of 3rd period - Snap shot by Steven Fogarty.
13:52 of 3rd period - Deflect By Luke Philp.
13:52 of 3rd period - Shot Misses the Net.
13:52 of 3rd period - Puck is out of play.
13:53 of 3rd period - Steven Lorentz wins face-off versus Tristen Nielsen in Peoria Riverman zone.
13:58 of 3rd period - Slapshot by Filip Roos.
13:58 of 3rd period - Stopped by Charlie Lindgren with a rebound.
14:00 of 3rd period - Slapshot by Joona Koppanen.
14:00 of 3rd period - Stopped by Charlie Lindgren with a rebound.
14:02 of 3rd period - Wrist shot by Maxime Lajoie.
14:02 of 3rd period - Shot Misses the Net.
14:04 of 3rd period - Snap shot by Matt Martin.
14:04 of 3rd period - Shot Misses the Net.
14:06 of 3rd period - Slapshot by Maxime Lajoie.
14:06 of 3rd period - Deflect By Tristen Nielsen.
14:06 of 3rd period - Stopped by Charlie Lindgren without a rebound.
14:07 of 3rd period - Michael Sgarbossa wins face-off versus Jack Drury in Bridgeport Sound Tigers zone.
14:08 of 3rd period - Snap shot by Ty Smith.
14:08 of 3rd period - Deflect By Michael Sgarbossa.
14:08 of 3rd period - Stopped by Charlie Lindgren with a rebound.
14:10 of 3rd period - Slapshot by Ty Smith.
14:10 of 3rd period - Stopped by Charlie Lindgren with a rebound.
14:12 of 3rd period - Slapshot by Ty Smith.
14:12 of 3rd period - Shot Blocked by Mason Shaw.
14:14 of 3rd period - Slapshot by Nicholas Caamano.
14:14 of 3rd period - Stopped by Charlie Lindgren with a rebound.
14:16 of 3rd period - Snap shot by Lucas Condotta.
14:16 of 3rd period - Shot Misses the Net.
14:18 of 3rd period - Slapshot by Ty Smith.
14:18 of 3rd period - Shot Blocked by Jack Drury.
14:20 of 3rd period - Wrist shot by Michael Sgarbossa.
14:20 of 3rd period - Shot Misses the Net.
14:22 of 3rd period - Wrist shot by Lucas Condotta.
14:22 of 3rd period - Stopped by Charlie Lindgren with a rebound.
14:32 of 3rd period - Will Butcher is hit by Luke Philp and loses puck.
14:37 of 3rd period - Backhand shot by Cole Cassels.
14:37 of 3rd period - Deflect By Luke Philp.
14:37 of 3rd period - Shot Blocked by Steven Lorentz.
14:37 of 3rd period - Puck is out of play.
14:38 of 3rd period - Steven Lorentz wins face-off versus Cole Cassels in Peoria Riverman zone.
14:38 of 3rd period - Steven Lorentz is hit by Steven Fogarty.
14:59 of 3rd period - Snap shot by Luke Philp.
14:59 of 3rd period - Deflect By Cole Cassels.
14:59 of 3rd period - Shot Blocked by Filip Roos.
14:59 of 3rd period - Puck is out of play.
15:00 of 3rd period - Jack Drury wins face-off versus Nicholas Caamano in Peoria Riverman zone.
15:07 of 3rd period - Snap shot by Michael Sgarbossa.
15:07 of 3rd period - Stopped by Charlie Lindgren without a rebound.
15:08 of 3rd period - Scott Reedy wins face-off versus Sam Gagner in Bridgeport Sound Tigers zone.
16:04 of 3rd period - Snap shot by Cole Cassels.
16:04 of 3rd period - Goal by Cole Cassels - Bridgeport Sound Tigers : 5 - Peoria Riverman : 2.
16:05 of 3rd period - Tristen Nielsen wins face-off versus Michael Sgarbossa in neutral zone.
16:26 of 3rd period - Minor Penalty to Lucas Condotta for Cross-checking.
16:27 of 3rd period - Steven Lorentz wins face-off versus Sam Gagner in Peoria Riverman zone.
16:41 of 3rd period - Snap shot by Joona Koppanen.
16:41 of 3rd period - Shot Misses the Net.
16:43 of 3rd period - Slapshot by Steven Lorentz.
16:43 of 3rd period - Shot Misses the Net.
16:53 of 3rd period - Joona Koppanen is hit by Dylan Coghlan and loses puck.
16:58 of 3rd period - Wrist shot by Ryan Carpenter.
16:58 of 3rd period - Stopped by Vadim Zherenko with a rebound.
17:00 of 3rd period - Slapshot by Dylan Coghlan.
17:00 of 3rd period - Shot Misses the Net.
17:02 of 3rd period - Snap shot by Ryan Carpenter.
17:02 of 3rd period - Stopped by Vadim Zherenko with a rebound.
17:04 of 3rd period - Snap shot by Connor Carrick.
17:04 of 3rd period - Goal by Connor Carrick - Bridgeport Sound Tigers : 6 - Peoria Riverman : 2.
17:05 of 3rd period - Tristen Nielsen wins face-off versus Lucas Condotta in neutral zone.
17:08 of 3rd period - Snap shot by Connor Carrick.
17:08 of 3rd period - Shot Blocked by Nicholas Caamano.
17:10 of 3rd period - Slapshot by Connor Carrick.
17:10 of 3rd period - Shot Hit the Post.
17:12 of 3rd period - Snap shot by Tristen Nielsen.
17:12 of 3rd period - Shot Misses the Net.
17:52 of 3rd period - 10 Minutes Misconduct Penalty to Robbie Russo is over.
18:11 of 3rd period - Wrist shot by Tristen Nielsen.
18:11 of 3rd period - Stopped by Vadim Zherenko with a rebound.
18:13 of 3rd period - Snap shot by Tristen Nielsen.
18:13 of 3rd period - Shot Misses the Net.
18:15 of 3rd period - Wrist shot by Charles Hudon.
18:15 of 3rd period - Stopped by Vadim Zherenko with a rebound.
18:17 of 3rd period - Slapshot by Dylan Coghlan.
18:17 of 3rd period - Shot Blocked by Mathieu Olivier.
18:31 of 3rd period - Wrist shot by Sam Gagner.
18:31 of 3rd period - Stopped by Vadim Zherenko with a rebound.
18:33 of 3rd period - Snap shot by Mason Shaw.
18:33 of 3rd period - Shot Hit the Post.
19:00 of 3rd period - Will Butcher is hit by Justin Bailey and loses puck.
19:31 of 3rd period - Slapshot by Jack Drury.
19:31 of 3rd period - Shot Misses the Net.
19:33 of 3rd period - Slapshot by Mason Shaw.
19:33 of 3rd period - Stopped by Vadim Zherenko without a rebound.
19:34 of 3rd period - Michael Sgarbossa wins face-off versus Jack Drury in Peoria Riverman zone.
19:34 of 3rd period - Michael Sgarbossa is hit by Mason Shaw.
19:40 of 3rd period - Snap shot by Michael Sgarbossa.
19:40 of 3rd period - Stopped by Charlie Lindgren with a rebound.
19:58 of 3rd period - Slapshot by Sam Gagner.
19:58 of 3rd period - Shot Misses the Net.
Goals for this period are 3 for Bridgeport Sound Tigers vs 0 for Peoria Riverman.
Shots for this period are 15 for Bridgeport Sound Tigers vs 21 for Peoria Riverman.